 Dungeon Crawl Stone Soup version 0.18.1-47-g9310371 (webtiles) character file.

1341 buf2 the Chopper (level 8, 0/91 HPs)
             Began as a Human Wanderer on June 16, 2016.
             Was an Initiate of Sif Muna.
             Slain by an orc warrior
             ... wielding a +0 battleaxe
              (13 damage)
             ... on level 6 of the Dungeon on June 17, 2016.
             The game lasted 00:45:13 (6743 turns).

buf2 the Chopper (Human Wanderer)                   Turns: 6743, Time: 00:45:15

Health: 0/91       AC:  6    Str: 18    XL:     8   Next: 93%
Magic:  8/8        EV: 12    Int: 15    God:    Sif Muna [......]
Gold:   251        SH:  0    Dex: 12    Spells: 0 memorised, 7 levels left

rFire  . . .     SeeInvis .     a - +3 hand axe
rCold  . . .     Gourm    .     j - +1 ring mail
rNeg   . . .     Faith    .     (no shield)
rPois  .         Spirit   .     (no helmet)
rElec  .         Dismiss  .     (no cloak)
rCorr  .         Reflect  .     (no gloves)
SustAt +         Harm     .     (no boots)
MR     +....                    k - amulet of regeneration
Stlth  ..........               A - ring of sustain attributes
                                t - ring of protection from magic

@: berserking, very quick, somewhat resistant to hostile enchantments, extremely
unstealthy
A: no striking features
a: Renounce Religion


You were on level 6 of the Dungeon.
You worshipped Sif Muna.
Sif Muna was noncommittal.
You were not hungry.

You visited 2 branches of the dungeon, and saw 7 of its levels.

You collected 251 gold pieces.

Inventory:

Hand Weapons
 a - a +3 hand axe (weapon)
 b - a +1 shortbow
 l - a +0 blowgun
 x - a +0 whip
 y - a +2 dagger of draining
 C - a +3 flail of holy wrath
 H - a +2 hand axe of freezing
Missiles
 c - 187 arrows
 g - 40 bolts
 h - 168 stones (quivered)
 i - 73 sling bullets
 s - 17 poisoned needles
 F - 5 tomahawks
Armour
 e - a +0 robe
 j - a +1 ring mail (worn)
 q - a +0 chain mail
 z - a +0 plate armour
 D - the +8 ring mail of Prudence {*Corrode rN++}
   (You found it on level 4 of the Dungeon)

   It greatly protects you from negative energy.
   It may corrode you when you take damage.
Jewellery
 k - an amulet of regeneration (around neck)
 m - an uncursed ring of flight
 t - a ring of protection from magic (left hand)
 A - a ring of sustain attributes (right hand)
 J - an uncursed amulet of faith
Scrolls
 d - a scroll of remove curse
 n - 2 scrolls of magic mapping
Potions
 o - a potion of cancellation
 r - a potion of cure mutation
 u - 3 potions of flight
 B - 2 potions of brilliance
 M - a potion of magic {unknown}
 N - a potion of ambrosia {unknown}
Comestibles
 f - 6 bread rations
 G - 2 fruits


   Skills:
 + Level 4.5 Fighting
 + Level 6.1(6.2) Axes
   Level 1.0(3.9) Polearms
 + Level 5.2 Bows
 + Level 2.0 Throwing
 + Level 4.3 Armour
 + Level 4.0 Dodging
 + Level 0.9 Stealth


You had 7 spell levels left.
You didn't know any spells.

Dungeon Overview and Level Annotations

Branches:
Dungeon (6/15)             Temple (1/1) D:4

Altars:
Ashenzari
Cheibriados
Dithmenos
Gozag
Makhleb
Nemelex Xobeh
Okawaru
Pakellas
Qazlal
Sif Muna
Trog
Vehumet
Xom
Yredelemnul
Zin
The Shining One


Message History

The orc warrior is lightly wounded.
The orc priest looks braver for a moment.
You hit the orc warrior but do no damage.
The orc warrior is lightly wounded.
The orc warrior closely misses you.
You closely miss the orc warrior.
The orc warrior is lightly wounded.
The orc warrior hits you with a battleaxe!
* * * LOW HITPOINT WARNING * * *
Drink which item? (? for menu, Esc to quit)
Okay, then.
Read which item? (? for menu, Esc to quit)
Okay, then.
You don't know any spells.
Okay, then.
Drink which item? (? for menu, Esc to quit)
A red film seems to cover your vision as you go berserk!
You feel yourself moving faster!
You feel mighty!
The orc warrior hits you with a battleaxe!
You die...

....##....#######..##..###.##
..........#.......o.........#
..........#........o........#
##'###....##...##########.###
....########...### >#
.................+ .
...............oo# .
....##...###..##o# #.
######...###+###@####
....##.........#....#
...............#....#
...............+....#
..######.###..##.#### #
..######.###..##'######.#
..........#......#.......
..........#......#.......
..........#......'.......


You could see an orc warrior, an orc priest and an orc.

Vanquished Creatures
  Edmund (D:4)
  An ice beast (D:6)
  2 ogres
  A centaur (D:5)
  A wyvern skeleton (D:6)
  A jelly (D:6)
  A crimson imp (D:5)
  6 orc wizards
  3 giant frog skeletons
  2 orc priests
  2 iguanas
  Jessica (D:2)
  3 worker ants
  A hound zombie (D:5)
  5 adders
  10 gnolls
  A river rat (D:5)
  2 adder zombies (D:6)
  2 worms
  2 dart slugs
  7 giant geckos
  16 orcs
  3 ball pythons
  3 giant cockroaches
  12 goblins
  4 hobgoblins
  8 jackals
  3 kobolds
  2 quokkas (D:3)
  10 bats (D:1)
  A giant gecko zombie (D:6)
  6 giant newts
  A jackal zombie (D:5)
  A quokka skeleton (D:6)
  14 rats
139 creatures vanquished.

Notes
Turn   | Place    | Note
--------------------------------------------------------------
     0 | D:1      | buf2 the Human Wanderer began the quest for the Orb.
     0 | D:1      | buf2 set off with: a +2 hand axe, a +0 shortbow, 28 arrows, a potion of curing, a +0 robe, a bread ration
     0 | D:1      | Reached XP level 1. HP: 18/18 MP: 1/1
   121 | D:1      | Reached XP level 2. HP: 24/24 MP: 2/2
   476 | D:1      | Reached XP level 3. HP: 26/29 MP: 3/3
   734 | D:1      | Found an iron altar of Okawaru.
  1026 | D:1      | Reached skill level 1 in Bows
  1481 | D:2      | Noticed Jessica
  1484 | D:2      | Killed Jessica
  1484 | D:2      | Reached XP level 4. HP: 35/35 MP: 4/4
  1760 | D:2      | Reached skill level 1 in Dodging
  2086 | D:3      | Reached XP level 5. HP: 41/41 MP: 5/5
  2231 | D:3      | Reached skill level 5 in Axes
  2231 | D:3      | Reached skill level 1 in Armour
  2400 | D:3      | Reached XP level 6. HP: 40/47 MP: 6/6
  3094 | D:4      | Noticed an ogre
  3106 | D:4      | Killed an ogre
  3231 | D:4      | Found a shattered altar of Ashenzari.
  3391 | D:4      | Got a faintly glowing ring mail
  3405 | D:4      | Identified the +8 ring mail of Prudence {*Corrode rN++} (You found it on level 4 of the Dungeon)
  3482 | D:4      | Reached XP level 7. HP: 53/53 MP: 7/7
  3580 | D:4      | Noticed Edmund
  3642 | D:4      | Killed Edmund
  3803 | D:4      | Found a glowing golden altar of the Shining One.
  3810 | D:4      | Found a staircase to the Ecumenical Temple.
  3840 | Temple   | Entered the Ecumenical Temple
  3855 | Temple   | Became a worshipper of Sif Muna the Loreminder
  3902 | D:4      | Found a snail-covered altar of Cheibriados.
  4149 | D:5      | Entered Level 5 of the Dungeon
  4371 | D:5      | Reached XP level 8. HP: 23/60 MP: 8/8
  4492 | D:5      | Found a glowing silver altar of Zin.
  4496 | D:5      | Found a bloodstained altar of Trog.
  4496 | D:5      | Found an opulent altar of Gozag.
  4748 | D:5      | Found a deep blue altar of Sif Muna.
  4806 | D:5      | Found a burning altar of Makhleb.
  5990 | D:6      | Reached skill level 6 in Axes
  6250 | D:6      | Reached skill level 5 in Bows
  6743 | D:6      | Slain by an orc warrior

Skill      XL: |  1  2  3  4  5  6  7  8 |
---------------+-------------------------+-----
Bows           | 1 2 3 4 5 |  5.2
Dodging        | 1 2 3 4 |  4.0
Axes           | 5 6 |  6.1
Armour         | 1 2 3 4 |  4.3
Fighting       | 4 |  4.5
Polearms       | |  1.0
Throwing       | |  2.0
Stealth        | |  0.9

Action                   |  1- 3 |  4- 6 |  7- 9 || total
-------------------------+-------+-------+-------++-------
Melee: Hand axe          |    66 |   172 |   279 ||   517
 Fire: Shortbow          |    36 |    64 |   104 ||   204
       Blowgun           |       |     3 |       ||     3
  Use: Scroll            |     5 |     6 |     9 ||    20
       Potion            |       |     4 |     6 ||    10
  Eat: Chunk             |     2 |     5 |     8 ||    15
       Pizza             |       |     1 |       ||     1
       Meat ration       |       |       |     1 ||     1
       Fruit             |       |       |     1 ||     1
Armor: Robe              |    27 |       |       ||    27
       Ring mail         |       |    52 |    62 ||   114
Dodge: Dodged            |    67 |    96 |   136 ||   299
